Cogmind - Beta 11 @@@ ROGUE MODE // 2022.04.02 @ 22:00:02 Player: nuzcraft Result: Destroyed by G-34 Mercenary with Small Laser Performance ------------- Evolutions (0) 0 Regions Visited (1) 200 Robots Destroyed (18) 90 Value Destroyed (316) 316 Prototype IDs (0) 0 Alien Tech Used (0) 0 Bonus (0) 0 TOTAL SCORE: 606 Bonus ------- None Cogmind --------- Core Integrity 0/250 Matter 214/300 Energy 100/100 System Corruption 0% Temperature Cool (7) Movement Treading (160) Location -10/Materials Parts ------- > --- POWER (1) -------- (None) > --- PROPULSION (2) --- Light Treads Light Treads > --- UTILITY (2) ------ Large Storage Unit Propulsion Shielding > --- WEAPON (2) ------- Light Assault Rifle > --- INVENTORY (15) --- Wheel Compact Wheel Compact Wheel Medium Storage Unit Large Storage Unit ECM Suite Utility Shielding EM Pulse Gun EM Pulse Gun Light Assault Rifle Light Assault Rifle Mining Laser Hammer Peak State ------------ > --- POWER ------------ Light Ion Engine > --- PROPULSION ------- Compact Wheel Compact Wheel > --- UTILITY ---------- Large Storage Unit Improved Terrain Scanner > --- WEAPON ----------- Assault Rifle Light Assault Rifle > --- INVENTORY -------- Light Ion Engine Light Treads Light Treads Aluminum Leg Wheel Compact Wheel Large Storage Unit Medium Laser Light Assault Rifle Mining Laser [Rating: 10] Favorites ----------- Power Light Ion Engine Engine Light Ion Engine Propulsion Compact Wheel Treads Light Treads Wheel Compact Wheel Utility Large Storage Unit Device Improved Terrain Scanner Storage Large Storage Unit Protection Utility Shielding Weapon Light Assault Rifle Ballistic Gun Light Assault Rifle Special Weapon Mining Laser Build | -11 -10 ------- Run | Scr Mat Slots Evolved . | . . Power . | . . Propulsion . | . . Utility . | . . Weapon . | . . Parts Attached 20 | 7 13 Power 3 | 1 2 Engine 3 | 1 2 Core . | . . Reactor . | . . Propulsion 5 | 2 3 Treads 2 | . 2 Leg . | . . Wheel 3 | 2 1 Hover . | . . Flight . | . . Utility 6 | 2 4 Device 2 | 1 1 Storage 2 | 1 1 Processor . | . . Hackware . | . . Protection 2 | . 2 Artifact . | . . Weapon 6 | 2 4 Energy Gun . | . . Energy Cannon . | . . Ballistic Gun 5 | 2 3 Ballistic Cannon . | . . Launcher . | . . Special Weapon 1 | . 1 Impact Weapon . | . . Slashing Weapon . | . . Piercing Weapon . | . . Special Melee Weapon . | . . Unidentified Prototypes . | . . Parts Lost 7 | . 7 Power 3 | . 3 Propulsion 1 | . 1 Utility 2 | . 2 Weapon 1 | . 1 Highest Loss Streak 4 | . 4 To Critical Strikes . | . . Average Slot Usage (%) 99 | . 99 Engine 13 | . 13 Treads 2 | . 2 Wheel 25 | . 25 Device 12 | . 12 Storage 14 | . 14 Protection 1 | . 1 Ballistic Gun 27 | . 27 Naked Turns . | . . Heaviest Build 27 | 12 27 Greatest Support 40 | 32 40 Greatest Overweight (x) 1 | . 1 Average Overweight (x) . | . . Largest Inventory Capacity 15 | 8 15 Average Capacity 13 | 7 13 Most Carried 15 | 8 15 Average Carried 12 | 5 13 Final Capacity 15 | 8 15 Final Carried 13 | 8 13 Class Distribution -------------------- 68% | Mutant 31% | Scavenger-Mutant Dominant Class ---------------- Mutant | -10/Materials Resources | -11 -10 ----------- Run | Scr Mat Matter Collected 481 | 298 183 Remotely . | . . Salvage Created 508 | 99 409 Parts 34 | 6 28 Haulers Intercepted 1 | . 1 Recyclers Shooed 3 | . 3 Parts Field Recycled . | . . Retrieved Matter . | . . Parts Self-Destructed . | . . Prevented . | . . Kills | -11 -10 ------- Run | Scr Mat Combat Hostiles Destroyed 12 | . 12 Guns 12 | . 12 Classes Destroyed 7 | 2 5 Worker 1 | . 1 Tunneler 2 | 2 . Hauler 1 | . 1 Recycler 1 | 1 . Watcher 1 | . 1 Swarmer 6 | . 6 Grunt 6 | . 6 Best Kill Streak 4 | 3 4 Combat Bots Only 4 | . 4 Max Kills in Single Turn 2 | 1 2 Gunslinging 1 | . 1 Exploded . | . . Melee . | . . Uniques/NPCs Destroyed . | . . Combat | -11 -10 -------- Run | Scr Mat Damage Taken 1001 | . 1001 Core 252 | . 252 Absorbed by Shields . | . . Redirected to Shielding 21 | . 21 Core Remaining (%) 100 | 100 . Volleys Fired 73 | 7 66 Largest 2 | 2 2 Hottest 100 | 40 100 Shots Fired 143 | 14 129 Gun 142 | 14 128 Cannon . | . . Launcher . | . . Special 1 | . 1 Kinetic 142 | 14 128 Thermal 1 | . 1 Explosive . | . . Electromagnetic . | . . Robot Hit Streak 15 | 3 15 Robot Miss Streak 4 | 2 4 Penetration Max . | . . Secondary Targets 3 | . 3 Max Gunslinging Chain 1 | . 1 Shots Hit Robots 96 | 8 88 Core Hits 36 | 4 32 Critical Kills 1 | . 1 Critical Parts Destroyed . | . . Critical Strikes 1 | . 1 Destroy 1 | . 1 Melee Attacks . | . . Impact . | . . Slashing . | . . Piercing . | . . Sneak Attacks . | . . Combat Hostiles . | . . Follow-up Attacks . | . . Damage Inflicted 917 | 102 815 Guns 917 | 102 815 Cannons . | . . Explosions . | . . Melee . | . . Ramming . | . . Kinetic 917 | 102 815 Thermal . | . . Explosive . | . . Electromagnetic . | . . Impact . | . . Slashing . | . . Piercing . | . . Highest Corruption . | . . Average Corruption . | . . Corruption Purged . | . . Corruption Blocked . | . . Overload Shots . | . . Overflow Damage . | . . Projectiles . | . . Explosions . | . . Melee . | . . Knockbacks . | . . Impact . | . . Kinetic . | . . Secondary . | . . Self-Inflicted Damage . | . . Shots . | . . Rammed . | . . Targets Rammed . | . . Kicked . | . . Crushed . | . . Highest Temperature 27 | . 27 Average Temperature 10 | . 10 Received Heat Transfer 468 | . 468 Siege Activations . | . . Robots Corrupted . | . . Combat Hostiles . | . . Parts Fried . | . . Impact Corruptions . | . . Robots Melted . | . . Combat Hostiles . | . . Parts Melted . | . . Heat Transferred . | . . Parts Sabotaged . | . . Parts Stolen . | . . Parts Stripped . | . . Power Chain Reactions . | . . Missiles Intercepted . | . . Alert | -11 -10 ------- Run | Scr Mat Peak Influence 158 | 15 158 Initial 9 | . 9 Average 69 | 4 79 Maximum Alert Level . | . . Low Security (%) 100 | 100 100 Level 1 . | . . Level 2 . | . . Level 3 . | . . Level 4 . | . . Level 5 . | . . High Security . | . . Max Security . | . . Squads Dispatched 4 | . 4 Investigation 3 | . 3 Extermination . | . . Reinforcement 1 | . 1 Assault . | . . Garrison . | . . Intercept . | . . Searches Triggered . | . . Construction Impeded . | . . Haulers Reinforced . | . . Active Scanning Responses . | . . Cargo Convoy Interrupts . | . . Stealth | -11 -10 --------- Run | Scr Mat Distress Signals 1 | . 1 Communications Jammed . | . . Distress Signals . | . . Times Spotted 18 | . 18 Peak Tracking Total 8 | . 8 Tactical Retreats . | . . Traps | -11 -10 ------- Run | Scr Mat Traps Triggered 3 | . 3 Indirectly . | . . Trap Hack Attempts . | . . Triggered . | . . Disarmed . | . . Reprogrammed . | . . Reused . | . . Traps Extracted . | . . Installed . | . . Triggered . | . . Machines | -11 -10 ---------- Run | Scr Mat Machines Disabled . | . . Max in Single Turn . | . . Machines Sabotaged . | . . Garrisons Compromised . | . . Overloaded Fab Kills . | . . Hacking | -11 -10 --------- Run | Scr Mat Machines Accessed 2 | . 2 Terminals 2 | . 2 Fabricators . | . . Repair Stations . | . . Recycling Units . | . . Scanalyzers . | . . Garrison Access . | . . Total Hacks 12 | . 12 Successful 8 | . 8 Failed 4 | . 4 Catastrophic . | . . Database Lockouts . | . . Manual 7 | . 7 Terminals 12 | . 12 Fabricators . | . . Repair Stations . | . . Recycling Units . | . . Scanalyzers . | . . Garrison Access . | . . Terminal Hacks 5 | . 5 Branch Access Points 1 | . 1 Unreport Threat 2 | . 2 Recall Investigation 1 | . 1 Registered Prototypes 1 | . 1 Fabricator Hacks . | . . Repair Station Hacks . | . . Recycling Unit Hacks . | . . Scanalyzer . | . . Garrison Access Hacks . | . . Unauthorized Hacks 3 | . 3 Terminals 3 | . 3 Track 1 | . 1 Botnet 1 | . 1 Operators 1 | . 1 Fabricators . | . . Repair Stations . | . . Recycling Units . | . . Scanalyzers . | . . Garrison Access . | . . Data Cores Recovered . | . . Used . | . . Hacking Detections 2 | . 2 Full Trace Events . | . . Feedback Events . | . . Feedback Blocked . | . . Robot Schematics Acquired . | . . Robots Built . | . . Authchips . | . . Time . | . . Total Robot Build Rating . | . . Part Schematics Acquired . | . . Parts Built . | . . Authchips . | . . Time . | . . Total Part Build Rating . | . . Parts Repaired . | . . Time . | . . Parts Recycled . | . . Recycled Matter . | . . Retrieved Matter . | . . Retrieved Components . | . . Parts Scanalyzed . | . . Part Schematics Acquired . | . . Parts Damaged . | . . Bothacking | -11 -10 ------------ Run | Scr Mat Used RIF Installer . | . . Robots Hacked . | . . Non-combat . | . . Combat . | . . Robot Hacks Applied . | . . Relay Couplers Released . | . . Fabnet Peak Effective % . | . . Robots Rewired . | . . Allies Hacked . | . . Hacks Repelled . | . . Allies | -11 -10 -------- Run | Scr Mat Total Allies . | . . Largest Group . | . . Highest-Rated Group . | . . Highest-Rated Ally . | . . Total Orders . | . . Ally Attacks . | . . Total Damage . | . . Kills . | . . Allies Corrupted . | . . Allies Melted . | . . Intel | -11 -10 ------- Run | Scr Mat Robot Analysis Total . | . . Derelict Logs Recovered . | . . Drone Launches . | . . Drone Recoveries . | . . Exploration | -11 -10 ------------- Run | Scr Mat Turns Passed 717 | 95 622 Spaces Moved 468 | 54 414 Core 2 | 2 . Treads 2 | . 2 Legs . | . . Wheels 464 | 52 412 Hover . | . . Flight . | . . Fastest Speed 50 | 50 90 Average Speed 93 | 98 92 Slowest Speed 160 | 100 160 Overloaded Moves . | . . Propulsion Burnouts . | . . Robots Hopped . | . . Cave-ins Triggered . | . . Exploration Rate (%) 36 | 4 69 Regions Visited 1 Branch Regions . Pre-discovered Areas . | . . Known Exits Taken . | . . Unknown Exits Taken 1 | 1 . Scrap Searched . | . . Spaces Dug 1 | . 1 Terrain Destroyed 1 | . 1 Melee . | . . Projectile 1 | . 1 AOE . | . . Terrain Rammed . | . . Walls Destroyed . | . . Machines Disabled . | . . Actions | -11 -10 --------- Run | Scr Mat Total 624 | 80 544 Wait 29 | 3 26 Move 467 | 53 414 Hop . | . . Pick Up 26 | 9 17 Fast Attach 7 | 7 . Attach 5 | . 5 Detach . | . . Swap 8 | . 8 Drop 9 | 1 8 Fire 73 | 7 66 Melee . | . . Ram . | . . Kick . | . . Crush . | . . Escape Stasis . | . . Rewire . | . . Trap . | . . Miscellaneous . | . . Route ------- -11/Scrapyard -10/Materials (discovered 2 exits: [*Mat] / *Min) History --------- Turn | Location | Event 18 | -11/Scrapyard | Discovered new exit (range 16) 96 | -11/Scrapyard | Entered Materials 142 | -10/Materials | Discovered new exit (range 10) 426 | -10/Materials | Identified exit to Mines 672 | -10/Materials | Core integrity fell below 50% 700 | -10/Materials | Core integrity fell below 20% 718 | -10/Materials | Destroyed by G-34 Mercenary with Small Laser Last Messages --------------- 00622_ Acquired Hammer. 00645_ Triggered Alarm Trap. 00645_ An alarm sounds. 00645_ ALERT: Alarm triggered, dispatching investigation squad. 00646_ Triggered Alarm Trap. 00646_ An alarm sounds. 00646_ ALERT: Alarm triggered, dispatching investigation squad. 00646_ ALERT: Hostiles spotted, dispatching reinforcements to Terminal M001. 00661_ U-05 Engineer lays Concrete. 00672_ G-34 Mercenary destroyed. 00672_ Switching to secondary target: G-34 Mercenary. 00678_ Lgt. Ion Engine destroyed. 00686_ G-34 Mercenary destroyed. 00686_ Switching to secondary target: G-34 Mercenary. 00691_ G-34 Mercenary destroyed. 00692_ Seismic Detector destroyed. 00707_ G-34 Mercenary destroyed. 00712_ Lgt. Ion Engine destroyed. 00713_ Lgt. Assault Rifle destroyed. Map ----- +----------------------------------------------------+ | ?????#??????????????????????????????????????? | | ????????????????????????????????????????????? | | ????????????????????????????????????????????? | | ????????????????????????????????????????????? | | ??????? ??????????????????????????????????? | | ??????# ??????????????????????????????????? | | ??????# #???????? ????????????????????????? | | ??????# #????????#????????????????????????? | | ??????# #?????????????????????????????????? | | ???#??# #?????????????????????????????????? | | ####### #????????????? ???????????????????? | | ! # #???#??????????????????? #????????? | | # #?????#???????????????? #????????? | | """ # #??????###########+### +????????? | | """ # #??????# #????????? | | """ # ######## #????????? | | ! # # # #????????? | | ####+## # # #### """ #????????? | | # # #??# """ #????????? | | # *# #??# """ #????????? | | # += #??# #????????? | | #######=! # =#= #??# [ #o???????? | | #####%! ######## #??# [[ +????????? | | !"##"""* # ## ##?# !g! #????????? | | T##" # # ####g##### #????????? | | "##"! #[! + # %@%g**#? #????????? | | ##"" > # # # """%* #?? #????????? | | ! ##"! # # # "T" #????#????????? | | ! ##" # # # [#?????????????? | | ##""" # ###+###########?????????????? | | ####### ## # #?????????????????? | | """ # ## # #?????????????????? | | """" + ####### ##????????????????? | | """" # #?????# #?????????????????? | | """" # #?????# |! #?????????????????? | | """ # #?????# /! #?????????????????? | | # #?????# ! #?????????????????? | | # #?????# [ #?????????????????? | | ####### #?????###+###+######??????????????? | | ??#??## r ##??????# #?# # #??????????????? | | ###### ######## ### # #??????????????? | | # k # #??????????????? | | # T + #??????????????? | | # #### #??????????????? | | # ## ###########??# #??????????????? | | # ####+###????????????# #??????????????? | | # #? ? ?????#?????# #??????????????? | | # # ???????????# #??????????????? | | + # ?????????######??????????????? | | # # """"" ???????????????????????????? | +----------------------------------------------------+ Best States ------------- Heat Dissipation 25 Energy Generation 10 Energy Capacity 125 Matter Stores 300 Matter Capacity 300 Sight Range 16 Terrain Scan Range 16 Terrain Scan Density 10 Propulsion Shielding 33 Utility Shielding 33 Evasion (%) 42 Recoil Reduction 2 Item Schematics ----------------- None Robot Schematics ------------------ None Fabricated ------------ Nothing Alien Tech Used ----------------- None Achievements -------------- None Challenges ------------ None Game ------ Seed MediumCombatNanoactuators Manual? 0 Play Time 00:19:26 Cumulative 162.6 hours Start 2022.04.02 @ 21:43:45 End 2022.04.02 @ 22:00:02 Sessions 1 Manual Loads 0 Difficulty Rogue Special Mode None Game No. 124 Rogue 124 Adventurer 0 Explorer 0 Win Type - Total 3 Types 1/0/2/0/0/0/0/0/0 Lore% 54 Gallery% 65 Achievement% 47 Wizard Run 0 Options --------- ASCII 0 Keyboard 0 Movement Numpad Keybinds 0 Fullscreen 2 Font 18/SmallcapsGlow Map View 76x50 Tactical HUD 1 Map Filters NONE Filters NONE Steam 1 RUN: fa559aee-9101-49c8-9c5a-8497ed444d15